 Dungeon Crawl Stone Soup version 0.19.4-8-ga85b6b9 (webtiles) character file.

345 winWinterter the Chopper (level 6, -2/48 HPs)
             Began as a Formicid Fighter on Feb 13, 2017.
             Slain by an ogre
             ... wielding a +0 giant spiked club
              (15 damage)
             ... on level 5 of the Dungeon.
             The game lasted 00:11:07 (3747 turns).

winWinterter the Chopper (Formicid Fighter)         Turns: 3747, Time: 00:11:08

Health: -2/48      AC:  8    Str: 25 (26) XL:     6   Next: 90%
Magic:  7/7        EV:  8    Int:  4 (7)  God:
Gold:   128        SH: 10    Dex: 11 (14) Spells: 2 memorised, 2 levels left

rFire  . . .     SeeInvis +     a - +1 war axe
rCold  . . .     Gourm    .     b - +1 scale mail
rNeg   . . .     Faith    .     c - +0 shield
rPois  .         Spirit   .     (helmet unavailable)
rElec  .         Reflect  .     (no cloak)
rCorr  .         Harm     .     (no gloves)
MR     .....                    (no boots)
Stlth  ..........               (no amulet)
                                (no ring)
                                m - ring of flight

@: mighty
A: permanent stasis, dig shafts and tunnels, four strong arms, antennae 3, thin
skeletal structure 1
a: Dig, Shaft Self, Evoke Flight


You were on level 5 of the Dungeon.
You were not hungry.

You visited 1 branch of the dungeon, and saw 5 of its levels.

You collected 128 gold pieces.

Inventory:

Hand Weapons
 a - a +1 war axe (weapon)
Armour
 b - a +1 scale mail (worn)
 c - a +0 shield (worn)
 s - a +0 pair of boots
Jewellery
 m - a ring of flight (left hand)
 o - an uncursed ring of ice
Wands
 v - a wand of digging (5/24)
Scrolls
 e - 2 scrolls of remove curse
 h - 3 scrolls of identify
 p - a scroll of enchant weapon
Potions
 j - 2 potions of curing
Books
 k - a book of Conjurations

   Spells                             Type                      Level
   a - Magic Dart                     Conjuration                  1
   b - Searing Ray                    Conjuration                  2
   c - Dazzling Spray                 Conjuration/Hexes            3
   d - Fulminant Prism                Conjuration/Hexes            4
   e - Iskenderun's Mystic Blast      Conjuration                  4
   f - Iskenderun's Battlesphere      Conjuration/Charms           5
 n - a book of Minor Magic

   Spells                             Type                      Level
   a - Magic Dart                     Conjuration                  1
   b - Blink                          Translocation                2
   c - Call Imp                       Summoning                    2
   d - Repel Missiles                 Charms/Air                   2
   e - Slow                           Hexes                        2
   f - Conjure Flame                  Conjuration/Fire             3
   g - Mephitic Cloud                 Conjuration/Poison/Air       3
Comestibles
 f - 3 bread rations
 g - a beef jerky
 q - a fruit
 r - a royal jelly
 w - a meat ration
 x - a slice of pizza


   Skills:
 * Level 3.8 Fighting
 * Level 5.0 Axes
 + Level 4.2 Armour
 + Level 0.8 Dodging
 + Level 4.5 Shields
 * Level 1.2 Spellcasting
 * Level 1.3 Poison Magic


You had 2 spell levels left.
You knew the following spells:

 Your Spells              Type           Power        Failure   Level  Hunger
a - Mephitic Cloud        Conj/Pois/Air  #.......     100%        3    ####...
b - Repel Missiles        Chrm/Air       #.....       100%        2    ###....


Dungeon Overview and Level Annotations

Branches:
Dungeon (4/15)
 Temple: D:4-7

Altars:
The Shining One


Innate Abilities, Weirdness & Mutations

You are under a permanent stasis effect.
You can dig through walls and to a lower floor.
Your four strong arms can wield two-handed weapons with a shield.
You have a pair of large antennae on your head. (SInv)
You have a somewhat thin skeletal structure. (Dex +2, Stealth)


Message History

The iguana bites you!
You feel very mighty all of a sudden. You block the iguana's attack.
You slash the iguana!
You kill the iguana!
You slash the leopard gecko!
You kill the leopard gecko!
Your Axes skill increases to level 5!
You hit the ogre but do no damage. The ogre barely misses you.
You slice the ogre!!
The ogre is severely wounded.
The ogre hits you with a giant spiked club!!
* * * LOW HITPOINT WARNING * * *
You barely miss the ogre.
The ogre is severely wounded.
The ogre hits you but does no damage.
You barely miss the ogre.
The ogre is severely wounded.
The ogre hits you with a giant spiked club!
You die...

.............#
....<........#
.....?..!....# .
.............# ..
%............#### ...
...(.........#.. ....
............##(# .....
.....#.....###.###......
##...#####.....O@/..#
#.# #...#..###### #.
#.###..# # #.. ##.# #.#
#.# .. #.# .## #.. ..
#.#


You could see an ogre.

Vanquished Creatures
  An iguana (D:5)
  3 worker ants (D:4)
  4 gnolls
  7 adders
  A shadow imp (D:4)
  2 oozes
  An adder skeleton (D:4)
  7 worms
  A dart slug (D:1)
  3 leopard geckos
  6 orcs
  A ball python (D:3)
  6 bats
  9 giant cockroaches
  5 goblins
  8 hobgoblins
  8 jackals (D:3)
  4 quokkas
  4 frilled lizards
  6 kobolds
  18 rats
105 creatures vanquished.

Notes
Turn   | Place    | Note
-------+----------+-------------------------------------------
     0 | D:1      | winWinterter the Formicid Fighter began the quest for the Orb.
     0 | D:1      | Reached XP level 1. HP: 18/18 MP: 1/1
    99 | D:1      | Reached XP level 2. HP: 14/24 MP: 2/2
   655 | D:1      | Reached XP level 3. HP: 29/29 MP: 3/3
   746 | D:1      | You fall through a shaft!
  1038 | D:2      | Reached XP level 4. HP: 35/35 MP: 4/4
  1189 | D:2      | Reached skill level 3 in Axes
  1701 | D:3      | Reached XP level 5. HP: 38/41 MP: 5/5
  1781 | D:3      | Found a glowing golden altar of the Shining One.
  1871 | D:3      | Reached skill level 4 in Axes
  2021 | D:3      | Reached XP level 6. HP: 10/48 MP: 6/6
  2360 | D:3      | Learned a level 3 spell: Mephitic Cloud
  2363 | D:3      | Learned a level 2 spell: Repel Missiles
  3203 | D:4      | Reached skill level 1 in Poison Magic
  3455 | D:4      | Reached skill level 1 in Spellcasting
  3487 | D:4      | Noticed a black bear
  3712 | D:4      | Gained mutation: You have a somewhat thin skeletal structure. (Dex +2, Stealth) [potion of beneficial mutation]
  3726 | D:4      | You fall through a shaft!
  3726 | D:5      | Entered Level 5 of the Dungeon
  3726 | D:5      | Noticed an ogre
  3743 | D:5      | Reached skill level 5 in Axes
  3747 | D:5      | Slain by an ogre

Skill      XL: |  1  2  3  4  5  6 |
---------------+-------------------+-----
Shields        | 4 |  4.5
Axes           | 3 4 5 |  5.0
Armour         | 4 |  4.2
Poison Magic   | 1 |  1.3
Spellcasting   | 1 |  1.2
Fighting       | |  3.8
Dodging        | |  0.8

Action                   |  1- 3 |  4- 6 || total
-------------------------+-------+-------++-------
Melee: War axe           |   106 |   285 ||   391
 Abil: Shaft Self        |       |     1 ||     1
  Use: Potion            |     1 |     7 ||     8
       Scroll            |       |     8 ||     8
  Eat: Chunk             |     1 |     9 ||    10
Armor: Scale mail        |    43 |   117 ||   160
Dodge: Dodged            |    26 |   100 ||   126
Block: Shield            |    43 |   161 ||   204
